 Dungeon Crawl Stone Soup version 0.23-a0-386-g9c9d49f (webtiles) character file.

41 nixmar the Skirmisher (level 3, 30/30 HPs)
             Began as a Formicid Fighter on Oct 28, 2018.
             Quit the game on level 1 of the Dungeon.
             The game lasted 00:01:42 (929 turns).

nixmar the Skirmisher (Formicid Fighter)             Turns: 929, Time: 00:01:43

Health: 30/30      AC:  6    Str: 21    XL:     3   Next: 75%
Magic:  3/3        EV:  7    Int:  7    God:
Gold:   68         SH:  9    Dex: 10    Spells: 2/2 levels left

rFire    . . .     SeeInvis +   a - +0 flail
rCold    . . .     Gourm    .   c - +0 shield
rNeg     . . .     Faith    .   b - +0 scale mail
rPois    .         Spirit   .   (helmet unavailable)
rElec    .         Reflect  .   (no cloak)
rCorr    .         Harm     .   (no gloves)
MR       .....                  (no boots)
Stlth    ..........             (no amulet)
HPRegen  0.10/turn              (no ring)
MPRegen  0.08/turn              (no ring)

@: no status effects
A: permanent stasis, dig shafts and tunnels, four strong arms, antennae 3
a: Dig, Shaft Self


You were on level 1 of the Dungeon.
You were not hungry.

You visited 1 branch of the dungeon, and saw 1 of its levels.

You collected 68 gold pieces.

Inventory:

Hand Weapons
 a - a +0 flail (weapon)
Armour
 b - a +0 scale mail (worn)
 c - a +0 shield (worn)
Scrolls
 f - 2 scrolls of identify {unknown}
 i - 3 scrolls of immolation {unknown}
 j - a scroll of teleportation {unknown}
Potions
 d - a potion of might {@q4}
 g - a potion of lignification {unknown}
 h - a potion of curing {unknown}
Comestibles
 e - 2 rations


   Skills:
 + Level 4.1 Fighting
 + Level 3.0 Maces & Flails
 - Level 3.2 Armour
 - Level 3.6 Shields


You had 2 spell levels left.
You didn't know any spells.
Your spell library was empty.

Dungeon Overview and Level Annotations

Branches:
Dungeon (1/15)

Altars:


Innate Abilities, Weirdness & Mutations

You cannot be hasted, slowed, berserked, paralysed or teleported.
You can dig through walls and to a lower floor.
Your four strong arms can wield two-handed weapons with a shield.
You have a pair of large antennae on your head. (SInv)


Message History

You kill the kobold!
No target in view!
No target in view!
No target in view!
No target in view!
No target in view!
No target in view!
No target in view!
No target in view!
No target in view!
Done exploring.
Done exploring.
Are you sure you want to abandon this character and quit the game? (Confirm
Okay, then.
Welcome back, nixmar the Formicid Fighter.
Press ? for a list of commands and other information.
You see here a +0 club.
Are you sure you want to abandon this character and quit the game? (Confirm
Okay, then.
Are you sure you want to abandon this character and quit the game? (Confirm

#.... #.### #.# #####
#.# ########...# #.#
#......#...# #.#
#......#...# #.#
#......#...# ###.###
#..@...#...# #......
#......#...# #......
#......#...###......
##......#.....)......
###.......#....##......
#.........#....#####...
#.####.####....###...#.
#.>................####
#....#.####........#...


There were no monsters in sight!

Vanquished Creatures
  A gnoll (D:1)
  A dart slug (D:1)
  2 leopard geckos (D:1)
  5 bats (D:1)
  2 giant cockroaches (D:1)
  2 goblins (D:1)
  4 kobolds (D:1)
  11 frilled lizards (D:1)
  A rat (D:1)
29 creatures vanquished.

Notes
Turn   | Place    | Note
-------+----------+-------------------------------------------
     0 | D:1      | nixmar the Formicid Fighter began the quest for the Orb.
     0 | D:1      | Reached XP level 1. HP: 18/18 MP: 1/1
    60 | D:1      | Reached XP level 2. HP: 22/25 MP: 2/2
   293 | D:1      | Reached XP level 3. HP: 30/30 MP: 3/3
   371 | D:1      | Reached skill level 4 in Fighting
   929 | D:1      | Quit the game

Vault maps used:
D:1:      elethiomel_arrival_quiet, minmay_lizard_pond

Skill      XL: |  1  2  3 |
---------------+----------+-----
Fighting       | 4 |  4.1
Maces & Flails | 3 |  3.0
Armour         | |  3.2
Shields        | |  3.6

Action                   || total
-------------------------++-------
Melee: Flail             ||    84
Armor: Scale mail        ||    51
Dodge: Dodged            ||    45
Block: Shield            ||    72

Table legend:
 A = Non-vault XP
 B = Vault XP
 C = Vault XP percentage of total XP
 D = Non-vault monster count
 E = Vault monster count
 F = Vault count percentage of total count
                 A         B        C        D         E       F
            +---------+---------+-------+---------+---------+-------
      Total |      52 |       7 |  11.9 |      22 |       7 |  24.1
            +---------+---------+-------+---------+---------+-------
        D:1 |      52 |       7 |  11.9 |      22 |       7 |  24.1
            +---------+---------+-------+---------+---------+-------
